 Dungeon Crawl Stone Soup version 0.32-a0-960-g3814254bd7 (webtiles) character file.

Game seed: 9264063102277636531

9 elagabalus the Gusty (level 2, 15/15 HPs)
             Began as a Deep Elf Air Elementalist on Apr 17, 2024.
             Quit the game on level 1 of the Dungeon.
             The game lasted 00:03:21 (294 turns).

elagabalus the Gusty (Deep Elf Air Elementalist)     Turns: 294, Time: 00:03:22

Health: 15/15      AC:  5    Str:  5    XL:     2   Next: 3%
Magic:  4/8        EV: 11    Int: 19    God:
Gold:   0          SH:  0    Dex: 15    Spells: 6/7 levels left

rFire   . . .        (no weapon)
rCold   . . .        (no shield)
rNeg    . . .        a - +0 robe
rPois   .            (no helmet)
rElec   .            (no cloak)
rCorr   .            (no gloves)
SInv    .            f - +2 pair of boots
Will    .....        (no amulet)
Stlth   ++           (no ring)
HPRegen 0.22/turn    (no ring)
MPRegen 0.11/turn

%: no passive effects
@: no status effects
A: no striking features
a: no special abilities


You were on level 1 of the Dungeon.
You visited 1 branch of the dungeon, and saw 1 of its levels.

Inventory:

Armour
 a - a +0 robe (worn)
 f - a +2 pair of boots (worn)
Scrolls
 d - a scroll of immolation {unknown}
 e - a scroll of enchant weapon {unknown}
Potions
 b - a potion of magic


   Skills:
 - Level 2.4 Dodging
 - Level 2.4 Stealth
 - Level 3.0 Spellcasting
 - Level 1.1 Conjurations
 * Level 4.0 Air Magic


You had 6 spell levels left.
You knew the following spells:

 Your Spells              Type           Power      Damage    Failure   Level
a - Shock                 Conj/Air       48%        1d6       5%          1

Your spell library contained the following spells:

 Spells                   Type           Power      Damage    Failure   Level
 Static Discharge         Conj/Air       24%        3-4/arc   9%          2
 Swiftness                Air            18%        N/A       9%          3
 Airstrike                Air            9%         2d(2-18)  28%         4


Dungeon Overview and Level Annotations

Branches:
Dungeon (1/15)

Altars:


Message History

You kill the bat!
You see here a +2 pair of boots.
f - a +2 pair of boots You start removing your armour.
You continue removing your +0 pair of boots. x4
Magic restored.
You finish removing your +0 pair of boots.
You start putting on your armour.
You continue putting on your +2 pair of boots. x5
You finish putting on your +2 pair of boots.
You drop a +0 pair of boots.
You open the door.
Found a stone staircase leading down.
There is an open door here.
Found 8 gold pieces.
Found a clear potion.
You open the door.
There is an open door here.
Found a stone staircase leading down.
There is a stone staircase leading down here.
Found a robe.
A hobgoblin comes into view.
Aiming: Shock (safe; 5% risk of failure)
Press: ? - help, Q - select action Shift-Dir - straight line, f - hobgoblin
Aim: a hobgoblin (asleep, 100% to hit)
The zap hits the hobgoblin.
The hobgoblin is lightly wounded.
The hobgoblin shouts!
Aiming: Shock (safe; 5% risk of failure)
Press: ? - help, Q - select action Shift-Dir - straight line, p - hobgoblin The zap hits the hobgoblin.
The hobgoblin is severely wounded.
Aiming: Shock (safe; 5% risk of failure)
Press: ? - help, Q - select action Shift-Dir - straight line The zap hits the hobgoblin.
You kill the hobgoblin!
Your Air Magic skill increases to level 4!
You have reached level 2!
Okay, then.
Are you sure you want to abandon this character and quit the game? (Confirm with "yes".)

#.# .#.
#.### .#.#
#....
...#+#
##### .
#..#.# ...
#..#.#
#..#..#.#
#.....#.#
##### #.@.#
#....
.......#.#
#.###
##..#.##.#
#.#
......##.#
#.# #
#...##.###
#.#
##..##...##
#.#
#..##[...#
#.#
#..####..#
#.#
#....#..#
#.#


There were no monsters in sight!

Vanquished Creatures
  A ball python (D:1)
  An endoplasm (D:1)
  A goblin (D:1)
  2 hobgoblins (D:1)
  2 bats (D:1)
7 creatures vanquished.

Notes
Turn   | Place    | Note
-------+----------+-------------------------------------------
     0 | D:1      | elagabalus the Deep Elf Air Elementalist began the quest
                  | for the Orb.
     0 | D:1      | Reached XP level 1. HP: 10/10 MP: 6/6
    98 | D:1      | Found a faded altar of an unknown god.
   294 | D:1      | Reached skill level 4 in Air Magic
   294 | D:1      | Reached XP level 2. HP: 15/15 MP: 4/8
   294 | D:1      | Quit the game

Illustrated notes

Levels and vault maps discovered:
D:1:      spicycebolla_green_bress_n_ham, layout_basic, basic_ecumenical_altar,
          serial_shops, shop

Skill      XL: |  1 |
---------------+----+-----
Air Magic      | 4 |  4.0
Dodging        | |  2.4
Stealth        | |  2.4
Spellcasting   | |  3.0
Conjurations   | |  1.1

Action                     || total
---------------------------++-------
  Melee: Unarmed           ||     1
   Cast: Shock             ||    11
 Armour: Robe              ||     2
  Dodge: Dodged            ||     3

Table legend: (Time is in decaauts)
 A = Elapsed time spent in this place.
 B = Non-inter-level travel time spent in this place.
 C = Inter-level travel time spent in this place.
 D = Time resting spent in this place.
 E = Time spent auto-exploring this place.
 F = Levels seen in this place.
 G = Mean time per level.
                   A        B        C        D        E       F      G
               +--------+--------+--------+--------+--------+-----+--------+
         Total |    294 |    294 |      0 |      0 |      0 |   1 |  294.0 |
       Dungeon |    294 |    294 |      0 |      0 |      0 |   1 |  294.0 |
               +--------+--------+--------+--------+--------+-----+--------+

Top non-repeatable levels by time:
     D:1: 294 daAuts
